 Dungeon Crawl Stone Soup version 0.17-a0-1596-g1e86911 (console) character file.

2778 Monkaria the Nimble (level 9, -1/37 HPs)
             Began as a Felid Berserker on July 31, 2015.
             Was an Elder of Trog.
             Slain by a troll (12 damage)
             ... on level 9 of the Dungeon.
             The game lasted 00:20:46 (9554 turns).

Monkaria the Nimble (Felid Berserker)               Turns: 9554, Time: 00:20:46

Health: -1/37      AC:  4    Str: 16    XL:     9   Next: 42%
Magic:  10/10      EV: 29    Int:  8    God:    Trog [****..]
Gold:   500        SH:  0    Dex: 17    Spells: 0 memorised, 8 levels left
                                        Lives:  0   Deaths: 3

rFire  . . .     SeeInvis +       - Unarmed
rCold  . . .     Rnd*Rage +     (armour unavailable)
rNeg   . . .     SustAt   .     (shield unavailable)
rPois  .         Gourm    .     (helmet unavailable)
rElec  .         Spirit   .     (cloak unavailable)
rCorr  .         Warding  .     (gloves unavailable)
rMut   .         Stasis   .     (boots unavailable)
MR     ++...                    (no amulet)
Stlth  ++++++....               (no ring)
                                b - ring of protection from magic

@: quick, very resistant to hostile enchantments, very stealthy
A: no armour, no weapons or thrown items, claws 1, fangs 3, thin metallic scales
1, see invisible, berserk 1, breathe flames 1, carnivore 3, speed 1, shaggy fur
2, slow metabolism 1, sharp paws
a: Burn Spellbooks, Berserk, Trog's Hand, Brothers in Arms, Renounce Religion,
Breathe Fire


You were on level 9 of the Dungeon.
You worshipped Trog.
Trog was greatly pleased with you.
You were completely stuffed.

You visited 2 branches of the dungeon, and saw 10 of its levels.

You collected 500 gold pieces.

Inventory:

Jewellery
 b - a ring of protection from magic (left paw)
 G - an uncursed ring of ice {unknown}
Magical devices
 n - a wand of slowing (31)
 y - a wand of frost (15)
 A - a wand of frost (25)
 F - a wand of heal wounds (3)
Scrolls
 c - a scroll of fog
 d - a scroll of immolation
 g - 4 scrolls of noise
 j - 3 scrolls of remove curse
 l - 5 scrolls of magic mapping
 p - 4 scrolls of teleportation {unknown}
 q - 3 scrolls of enchant armour {unknown}
 r - 2 scrolls of random uselessness {unknown}
 t - a scroll of fear {unknown}
 w - a scroll of brand weapon {unknown}
 x - a scroll of amnesia {unknown}
 z - a scroll of recharging {unknown}
Potions
 e - a potion of heal wounds
 f - 2 potions of might
 k - a potion of flight
 o - a potion of magic
 u - 2 potions of curing
 v - a potion of cancellation {unknown}
 B - a potion of cure mutation {unknown}
 C - a potion of haste {unknown}
 D - a potion of brilliance {unknown}
 E - a potion of beneficial mutation {unknown}
Books
 s - a book of Fire

   Spells                             Type                      Level
   a - Ignite Poison                  Fire/Transmutation/Poison    3
   b - Fireball                       Conjuration/Fire             5
   c - Bolt of Fire                   Conjuration/Fire             6
   d - Delayed Fireball               Conjuration/Fire             7
   e - Ring of Flames                 Charms/Fire                  7
   Trog disapproves of the use of such an item.
Comestibles
 a - 4 meat rations
 h - 2 slices of pizza
 i - 9 royal jellies
 m - 6 chunks of flesh


   Skills:
 - Level 3.0 Fighting
 + Level 13.2 Dodging
 - Level 12.0 Stealth
 - Level 11.2 Unarmed Combat


You had 8 spell levels left.
You didn't know any spells.

Dungeon Overview and Level Annotations

Branches:
Dungeon (9/15)             Temple (1/1) D:6
   Lair: D:8-11         Orc: D:9-12

Altars:
Ashenzari
Cheibriados
Dithmenos
Elyvilon
Fedhas
Gozag
Kikubaaqudgha
Makhleb
Nemelex Xobeh
Okawaru
Qazlal
Ru
Sif Muna
Trog
Vehumet
Xom
Yredelemnul
Zin
The Shining One

Shops:
D:7 *

Annotations:
D:8 exclusion: orange crystal statue


Innate Abilities, Weirdness & Mutations

You cannot wear armour.
You are incapable of wielding weapons or throwing items.
You have sharp claws.
You have razor-sharp teeth.
You have supernaturally acute eyesight.
You are carnivorous and can eat meat at any time.
You cover ground quickly.
You are covered in thick fur (AC +2).
You have a slow metabolism.
Your sharp claws are effective at attacking unaware monsters.
You are partially covered in thin metallic scales (AC +2).
You tend to lose your temper in combat.
You can breathe flames.


Message History

No target in view!
No target in view!
No target in view!
No target in view!
No target in view!
No target in view!
No target in view!
No target in view!
What do you say? t - Meow!
Orders for allies: a - Attack new target. r - Retreat! s - Stop attacking. w - Wait here. f - Follow me.
Anything else - Stay silent.
You meow for attention!
You hear a shout!
The troll misses you. The troll completely misses you. The troll claws you!
The troll bites you!!
* * * LOW HITPOINT WARNING * * *
The troll completely misses you. The troll claws you!
You die...

##* #.# #.# #.# #.#
#.# ###########
#.########.........##
#...@................
#.#T####.............
#.#....#.............
#.#....'.............
#.#....#....########.
#.#....#....# #.
#.#....#....# #.
#.######)...# #.
#......))...########.


You could see a troll.

Vanquished Creatures
  Erica (D:9)
  An obsidian statue (D:8)
  Pikel (D:4)
  Joseph (D:9)
  Psyche (D:9)
  A queen bee (D:9)
  Grinder (D:5)
  Prince Ribbit (D:8)
  Sigmund (D:2)
  A deep elf mage (D:9)
  2 hungry ghosts (D:8)
  The ghost of glosham the Caller, an average DgSu (D:4)
  2 hippogriffs (D:9)
  The ghost of tsouns the Sneak, an average HaEn (D:3)
  Duvessa (D:4)
  4 ice beasts
  An eye of draining (D:8)
  A sky beast (D:4)
  3 ogres
  3 orc warriors
  A phantom (D:4)
  A centaur (D:9)
  A big kobold (D:7)
  A gnoll sergeant (D:9)
  7 giant frogs
  Dowan (D:4)
  3 scorpions
  5 wights (D:6)
  17 killer bees (D:9)
  A giant frog zombie (D:9)
  2 crimson imps
  5 hounds
  3 jellies
  5 worker ants
  5 orc wizards
  5 orc priests
  An iguana (D:7)
  Natasha (thrice) (D:2)
  A worker ant zombie (D:8)
  Robin (D:2)
  10 adders
  4 gnolls (D:9)
  3 shadow imps
  2 oozes
  2 adder skeletons
  4 worms
  4 giant geckos
  36 orcs
  2 ball pythons
  5 giant cockroaches
  13 hobgoblins
  14 jackals
  27 kobolds
  4 quokkas
  6 bats
  A giant gecko skeleton (D:4)
  5 giant newts
  17 goblins
  A goblin skeleton (D:8)
  3 hobgoblin zombies (D:8)
  A kobold zombie (D:8)
  An orc skeleton (D:8)
  A quokka skeleton (D:6)
  A quokka zombie (D:7)
  10 rats
  A plant (D:7)
276 creatures vanquished.

Vanquished Creatures (others)
  An orc (D:4)
1 creature vanquished.

Grand Total: 277 creatures vanquished

Notes
Turn   | Place    | Note
--------------------------------------------------------------
     0 | D:1      | Monkaria the Felid Berserker began the quest for the Orb.
     0 | D:1      | Reached XP level 1. HP: 10/10 MP: 2/2
   111 | D:1      | Reached XP level 2. HP: 11/14 MP: 3/3
   155 | D:1      | Reached skill level 5 in Dodging
   617 | D:1      | Reached skill level 1 in Stealth
   618 | D:1      | Acquired Trog's second power
   882 | D:1      | Reached XP level 3. HP: 15/17 MP: 4/4
  1593 | D:2      | Noticed Sigmund
  1645 | D:2      | Killed Sigmund
  1645 | D:2      | Reached skill level 7 in Stealth
  1645 | D:2      | Reached XP level 4. HP: 21/21 MP: 5/5
  1645 | D:2      | Reached XP level 5. HP: 24/24 MP: 6/6
  1747 | D:2      | Noticed Robin
  1748 | D:2      | Noticed a moth of wrath
  1825 | D:2      | Killed Robin
  1884 | D:2      | Found a bloodstained altar of Trog.
  2030 | D:2      | Found a white marble altar of Elyvilon.
  2050 | D:2      | Found a stormy altar of Qazlal.
  2050 | D:2      | Found a sparkling altar of Nemelex Xobeh.
  2050 | D:2      | Found a shimmering altar of Xom.
  2058 | D:2      | Found an iron altar of Okawaru.
  2060 | D:2      | Found a radiant altar of Vehumet.
  2110 | D:2      | Noticed Natasha
  2168 | D:2      | Killed Natasha
  2168 | D:2      | Gained mutation: You are covered in thick fur (AC +2). [Felid growth]
  2168 | D:2      | Reached XP level 6. HP: 28/28 MP: 7/7
  2219 | D:2      | Noticed Natasha
  2231 | D:2      | Killed Natasha
  2404 | D:2      | Noticed Natasha
  2409 | D:2      | Killed Natasha
  3063 | D:3      | Reached skill level 5 in Unarmed Combat
  3267 | D:3      | Reached XP level 7. HP: 22/31 MP: 8/8
  3397 | D:3      | Noticed tsouns's ghost (average HaEn)
  3469 | D:3      | Killed tsouns's ghost
  3623 | D:4      | Noticed Pikel
  3680 | D:4      | Killed Pikel
  3680 | D:4      | Reached skill level 8 in Unarmed Combat
  3680 | D:4      | Reached XP level 8. HP: 31/34 MP: 9/9
  3967 | D:4      | Noticed glosham's ghost (average DgSu)
  3976 | D:4      | Reached skill level 9 in Unarmed Combat
  3986 | D:4      | Killed glosham's ghost
  4337 | D:4      | Noticed Duvessa
  4339 | D:4      | Noticed Dowan
  4348 | D:4      | Killed Duvessa
  4355 | D:4      | Killed Dowan
  4834 | D:5      | Entered Level 5 of the Dungeon
  4836 | D:5      | Noticed Grinder
  4839 | D:5      | Reached skill level 10 in Unarmed Combat
  4844 | D:5      | Killed Grinder
  5005 | D:5      | Reached XP level 9. HP: 32/37 MP: 10/10
  5479 | D:6      | Found a staircase to the Ecumenical Temple.
  5492 | Temple   | Entered the Ecumenical Temple
  5761 | D:6      | Reached skill level 10 in Stealth
  5787 | D:6      | Found a glowing golden altar of the Shining One.
  5890 | D:6      | Found a blossoming altar of Fedhas.
  6156 | D:6      | You fall through a shaft!
  6171 | D:7      | Mangled by an orc warrior
  6172 | D:7      | Reached XP level 8. HP: -10/34 MP: 9/9
  6207 | D:7      | Reached skill level 11 in Stealth
  6496 | D:7      | Found Zin's Purification Station.
  6499 | D:7      | Found a glowing silver altar of Zin.
  6807 | D:7      | Reached skill level 12 in Stealth
  7239 | D:8      | Reached XP level 9. HP: 32/37 MP: 10/10
  7280 | D:8      | Noticed Prince Ribbit
  7284 | D:8      | Killed Prince Ribbit
  7387 | D:8      | Found a glowing golden altar of the Shining One.
  7421 | D:8      | Acquired Trog's third power
  7518 | D:8      | Noticed an orange crystal statue
  7789 | D:8      | Found a deep blue altar of Sif Muna.
  7952 | D:8      | Noticed an obsidian statue
  8109 | D:8      | Gained mutation: You are partially covered in thin metallic scales (AC +2). [potion of mutation]
  8109 | D:8      | Gained mutation: You tend to lose your temper in combat. [potion of mutation]
  8109 | D:8      | Gained mutation: You can breathe flames. [potion of mutation]
  8166 | D:8      | Noticed a sixfirhy
  8168 | D:8      | Noticed a hellwing
  8176 | D:8      | Killed an obsidian statue
  8339 | D:9      | Noticed Joseph
  8339 | D:9      | Noticed Psyche
  8341 | D:9      | Killed Joseph
  8345 | D:9      | Killed Psyche
  8345 | D:9      | Reached skill level 10 in Dodging
  8345 | D:9      | Reached XP level 10. HP: 42/42 MP: 11/11
  8375 | D:9      | Noticed Erica
  8388 | D:9      | Slain by a killer bee
  8389 | D:9      | Reached XP level 9. HP: -1/37 MP: 10/10
  8782 | D:9      | Killed Erica
  8965 | D:9      | Reached XP level 10. HP: 42/42 MP: 11/11
  8973 | D:9      | Slain by a troll
  8974 | D:9      | Reached XP level 9. HP: -1/37 MP: 10/10
  9136 | D:9      | Reached skill level 13 in Dodging
  9554 | D:9      | Slain by a troll

Vault maps used:
D:1:      lemuel_arrival_lava_pool, dk_noncrumbling_2, due_unseen_surprise
D:2:      minmay_overflow_temple_hex, tgw_trog, due_unseen_surprise, uniq_robin,
          uniq_sigmund, uniq_natasha
D:3:      first_bread
D:4:      uniq_duvessa, uniq_pikel
D:5:      uniq_grinder
D:6:      lemuel_doored_altar, minmay_temple_entry_large_hall, basic_altar
D:7:      kennysheep_kobold_camp, zin_purify
D:8:      minmay_separated_statues, nicolae_tso_besieged_by_evil,
          lemuel_blue_sif_altar, uniq_prince_ribbit1
D:9:      david_nohive_1, uniq_joseph, uniq_psyche, uniq_erica
Temple:   temple_eino_lava_8

Action                   |  1- 3 |  4- 6 |  7- 9 | 10-12 || total
-------------------------+-------+-------+-------+-------++-------
Melee: Unarmed           |   111 |   216 |   539 |     5 ||   871
Invok: Trog's Hand       |     3 |     8 |    18 |       ||    29
       Berserk           |     1 |     4 |    16 |       ||    21
  Use: Scroll            |       |       |    12 |       ||    12
       Potion            |       |       |     2 |       ||     2
 Stab: Sleeping          |     2 |    11 |    33 |     1 ||    47
       Distracted        |       |       |     7 |       ||     7
  Eat: Chunk             |       |    19 |    47 |     3 ||    69
